 Dungeon Crawl Stone Soup version 0.29.0-11-gd7f09526c8 (webtiles) character file.

Game seed: 1831294765355879930

71822 smilodon the Spear-Bearer (level 14, -1/105 HPs)
             Began as a Demonspawn Fighter on Sept 6, 2022.
             Was a Priest of Jiyva.
             Slain by a +5 long sword (19 damage)
             ... on level 14 of the Dungeon.
             The game lasted 00:49:27 (15908 turns).

smilodon the Spear-Bearer (Demonspawn Fighter)     Turns: 15908, Time: 00:49:28

Health: -1/105     AC: 16    Str: 25    XL:     14   Next: 99%
Magic:  21/27      EV: 14    Int: 16    God:    Jiyva [***...]
Gold:   839        SH:  6    Dex: 12    Spells: 22/32 levels left

rFire   + + +      SeeInvis .   e - +4 spear (flame)
rCold   + + +      Faith    .   c - +0 buckler
rNeg    . . .      Spirit   .   A - +1 ring mail "Tida Onu" {+Inv Int+4}
rPois   .          Reflect  .   (helmet restricted)
rElec   .          Harm     .   k - +0 cloak
rCorr   +          Rampage  .   R - +2 pair of gloves {Str+3}
Will    +++++      Clarity  +   (no boots)
Stlth   ++........              (no amulet)
HPRegen 1.39/turn               f - ring of flight
MPRegen 0.55/turn               j - ring of wizardry

@: swift, slimy, flying, very quick
A: horns 2, slimy green scales 2, spiny 2, demonic magic 2, demonic willpower,
clarity, cold resistance 3, fire resistance 3, strong-willed 3, strong 1, wild
magic 1, acidic bite, eyeballs 1, translucent skin 1
a: Renounce Religion, Evoke Invisibility, Oozemancy


You were on level 14 of the Dungeon.
You worshipped Jiyva.
Jiyva was most pleased with you.
You visited 2 branches of the dungeon, and saw 19 of its levels.
You also visited: Sewer, Bailey and Gauntlet.

You collected 839 gold pieces.

Inventory:

Hand Weapons
 a - a +0 war axe
 e - a +4 spear of flaming (weapon)
 m - a +0 trident of venom
 r - a +2 long sword of electrocution
 Q - the +5 glaive of the Gazing Saviour {pain, rN+ Str+4}
   (You found it in a Gauntlet)

   In the hands of one skilled in necromantic magic, it inflicts extra damage on
   living creatures.
   Str:       It affects your strength (+4).
   rN:        It protects you from negative energy.
 S - a +4 hand axe of flaming
 T - the +8 arbalest "Biquch" {flame, rElec Str+5}
   (You took it off a minotaur in a Gauntlet)

   Any ammunition fired from it burns those it strikes, dealing additional fire
   damage.
   Str:       It affects your strength (+5).
   rElec:     It insulates you from electricity.
Missiles
 D - 2 atropa-tipped darts
 E - 11 poisoned darts
 K - 2 boomerangs (quivered)
 L - 5 javelins
 U - 4 silver javelins
Armour
 b - a +1 scale mail
 c - a +0 buckler (worn)
 k - a +0 cloak (worn)
 p - a +0 pair of gloves of hurling
 x - +0 acid dragon scales
 A - the +1 ring mail "Tida Onu" (worn) {+Inv Int+4}
   (You found it on level 10 of the Dungeon)

   Int:       It affects your intelligence (+4).
   +Inv:      It lets you turn invisible.
 R - a +2 pair of gloves of strength (worn)
Magical Staves
 N - a staff of air
Jewellery
 f - a ring of flight (left hand)
 j - a ring of wizardry (right hand)
 I - a +4 ring of evasion
 M - an amulet of faith
 O - an amulet of reflection
Wands
 z - a wand of polymorph (4)
 H - a wand of digging (5)
 P - a wand of paralysis (18)
 Y - a wand of mindburst (5)
Scrolls
 h - a scroll of teleportation
 l - 10 scrolls of identify
 q - 2 scrolls of amnesia
 s - 2 scrolls of poison
 t - a scroll of immolation
 y - 4 scrolls of butterflies
 B - a scroll of enchant armour
 C - 3 scrolls of vulnerability
 F - 2 scrolls of enchant weapon
Potions
 d - 3 potions of brilliance
 g - 2 potions of magic
 i - a potion of cancellation
 n - a potion of might
 o - 2 potions of resistance
 u - 2 potions of lignification
 v - a potion of mutation
 w - 3 potions of flight
 G - a potion of berserk rage
 J - a potion of ambrosia
 W - a potion of invisibility
 Z - a potion of curing
Miscellaneous
 V - a piece from Xom's chessboard (15/15)
 X - a tin of tremorstones (2/2)


   Skills:
 - Level 8.1 Fighting
 - Level 3.7(8.4) Axes
 - Level 11.7(12.0) Polearms
 - Level 2.9 Throwing
 - Level 9.7 Armour
 - Level 8.8 Dodging
 - Level 1.0 Stealth
 - Level 8.0 Shields
 * Level 9.5 Spellcasting
 * Level 8.0 Conjurations
 * Level 1.9 Necromancy
 * Level 1.3 Air Magic
 * Level 7.2 Earth Magic
 + Level 1.4 Evocations


You had 22 spell levels left.
You knew the following spells:

 Your Spells              Type           Power      Damage    Failure   Level
a - Sandblast             Erth           80%        2d17      1%          1
b - Stone Arrow           Conj/Erth      82%        3d12      1%          3
c - Swiftness             Air            15%        N/A       16%         3
d - Necrotise             Necr           72%        1d7       4%          1
e - Static Discharge      Conj/Air       29%        3-7/arc   2%          2

Your spell library contained the following spells:

 Spells                   Type           Power      Damage    Failure   Level
 Passwall                 Tmut/Erth      20%        N/A       3%          2
 Vampiric Draining        Necr           18%        2d7       12%         3
 Scorch                   Fire           18%        2d6       14%         2
 Flame Wave               Conj/Fire      26%        2d8       16%         4
 Sticky Flame             Conj/Fire      26%        2d5       16%         4
 Animate Armour           Summ/Erth      48%        N/A       21%         4
 Leda's Liquefaction      Hex/Erth       12%        N/A       21%         4
 Confusing Touch          Hex            9%         N/A       26%         3
 Portal Projectile        Hex/Tloc       18%        N/A       26%         3
 Tukima's Dance           Hex            9%         N/A       26%         3
 Borgnjor's Vile Clutch   Necr/Erth      14%        N/A       32%         5
 Lightning Bolt           Conj/Air       14%        1d28      32%         5
 Dispel Undead            Necr           18%        3d11      34%         4
 Airstrike                Air            7%         2d(2-18)  41%         4
 Anguish                  Hex/Necr       6%         N/A       45%         4
 Corpse Rot               Necr/Pois/Air  14%        N/A       45%         4
 Summon Lightning Spire   Summ/Air       12%        N/A       50%         4
 Blade Hands              Tmut           4%         N/A       89%         5
 Metabolic Englaciation   Hex/Ice        4%         N/A       89%         5
 Summon Mana Viper        Hex/Summ       9%         N/A       89%         5
 Yara's Violent Unravell  Hex/Tmut       4%         3d4       89%         5
 Summon Cactus Giant      Summ           4%         N/A       100%        6
 Ignition                 Fire           4%         3d4       100%        8
 Lehudib's Crystal Spear  Conj/Erth      20%        10d6      100%        8


Dungeon Overview and Level Annotations

Branches:
Dungeon (14/15)            Temple (0/1) D:7            Lair (5/5) D:10
  Swamp (0/4) Lair:3       Spider (0/4) Lair:2        Slime (0/5) Lair:4
    Orc (0/2) D:12         Vaults (0/5) D:14          Sewer (visited)
 Bailey (visited)         Gauntlet (visited)

Altars:
Dithmenos
Gozag
Ru
Jiyva

Annotations:
Lair:4 exclusion: 2 oklob plants


Innate Abilities, Weirdness & Mutations

You have a pair of horns on your head.
You are mostly covered in slimy green scales. (AC +3)
You are mostly covered in sharp spines.
Spells you cast may paralyse nearby enemies.
You punish those that try to bend your will. (Will+)
You possess an exceptional clarity of mind.
Your flesh is almost immune to the effects of cold. (rC+++)
Your flesh is almost immune to the effects of heat. (rF+++)
You are extremely strong-willed. (Will+++)
Your muscles are strong. (Str +4, Int/Dex -1)
Your spells are a little harder to cast, but a little more powerful.
You have acidic saliva.
Your body has grown eyes which may confuse attackers. (Acc +3)
Your translucent skin slightly reduces your foes' accuracy. (Stealth+)


Message History

The +5 long sword is moderately damaged.
The +5 long sword is struck by your spines.
The +5 long sword hits you!!
You closely miss the +5 long sword.
The +5 long sword is heavily damaged.
The +5 long sword hits you!
You barely miss the +5 long sword.
You headbutt the +5 long sword, but do no damage.
Your bite misses the +5 long sword.
The +5 long sword is moderately damaged.
The +5 long sword hits you!!
You hit the +5 long sword.
The +5 long sword is heavily damaged.
The +5 long sword is struck by your spines.
The +5 long sword completely misses you.
The +2 long sword barely misses you.
You hit the +5 long sword but do no damage.
Your headbutt misses the +5 long sword.
The +5 long sword is severely damaged.
A thick mucus forms on your +4 spear of flaming.
You can no longer turn your foes to slime.
The +2 long sword hits you! The +5 long sword hits you!!
The +2 long sword completely misses you.
The +5 long sword hits you!
* * * LOW HITPOINT WARNING * * *
Okay, then.
The +5 long sword misses you.
The +2 long sword is struck by your spines.
The +2 long sword hits you.
* * * LOW HITPOINT WARNING * * *
Okay, then.
Casting: Stone Arrow (safe; 1% risk of failure)
Confirm with . or Enter, or press ? or * to list all spells.
Okay, then.
Casting: Stone Arrow (safe; 1% risk of failure)
Confirm with . or Enter, or press ? or * to list all spells.
You feel quick. Malevolent energies surge around you.
The +2 long sword misses you. The +2 long sword barely misses you.
The +5 long sword hits you!!
You die...

#.. #∩ ....#
#..##.##....#
#...#.#.....#
#...........#
##...........##
#..............
#...........#
#.#.###(....#
#.....@(....#
########....#
#....# #...<#
#....# #....#
#....# #....#
#....#


You could see 2 dancing weapons.

Vanquished Creatures
  2 blizzard demons (Gauntlet)
  A vault guard (Bailey)
  4 hydras
  3 boulder beetles
  4 catoblepae
  3 centaur warriors (D:13)
  A merfolk avatar (Lair:5)
  4 two-headed ogres
  6 death yaks
  4 skeletal warriors (D:12)
  3 bog bodies (Lair:3)
  3 deep elf pyromancers
  A harpy (Lair:5)
  2 cyclopes
  2 oklob plants
  2 ugly things
  2 manticores
  4 black mambas
  A molten gargoyle (Lair:3)
  18 elephants
  Joseph (D:8)
  6 rime drakes
  An unseen horror (D:11)
  A torpor snail (Lair:4)
  8 komodo dragons
  13 cane toads
  2 ice devils (Gauntlet)
  A kobold demonologist (D:13)
  Grinder (D:4)
  A hornet (Lair:5)
  5 trolls
  2 wind drakes (Lair:5)
  4 polar bears
  Prince Ribbit (Bailey)
  12 dream sheep
  3 blink frogs
  A snapping turtle (Lair:5)
  4 culicivoras (Lair:2)
  2 centaur simulacra (Gauntlet)
  A wraith (D:10)
  2 vampires
  4 basilisks
  5 humans (Bailey)
  5 hogs (Lair:4)
  2 wyverns
  51 yaks
  Grum (D:8)
  4 vampire mosquitoes (D:13)
  4 wargs (D:12)
  2 swamp worms (Lair:3)
  2 acid dragons (D:9)
  29 water moccasins
  A black bear (D:5)
  4 orc warriors
  A meliai simulacrum (Gauntlet)
  2 ice beasts (D:6)
  A sky beast (D:6)
  9 wolves
  3 ogres
  4 centaurs
  A phantom (D:4)
  3 kobold brigands
  21 bullfrogs
  A cane toad simulacrum (Gauntlet)
  4 scorpions
  8 wights (D:8)
  6 killer bees (D:8)
  5 howler monkeys
  4 electric eels
  2 vampire bats (Lair:1)
  A lava snake (Lair:3)
  4 orc priests
  2 hounds
  3 iguanas (D:6)
  8 orc wizards
  A boggart simulacrum (Gauntlet)
  9 gnolls
  3 river rats (Sewer)
  18 adders
  A shadow imp (D:4)
  3 white imps
  An ufetubus (D:4)
  A worm (D:3)
  5 dart slugs
  28 orcs
  3 endoplasms (D:1)
  4 giant cockroaches
  11 goblins
  9 hobgoblins
  2 jackals (D:4)
  4 quokkas
  13 ball pythons
  12 bats
  2 frilled lizards
  23 kobolds
  18 rats
520 creatures vanquished.

Vanquished Creatures (collateral kills)
  A minotaur (Gauntlet)
  2 boulder beetles
  A two-headed ogre (D:11)
  A deep elf zephyrmancer (D:11)
  An elephant (Lair:4)
  A gargoyle (D:12)
  2 komodo dragons
  An acid dragon (D:12)
10 creatures vanquished.

Vanquished Creatures (others)
  A polar bear (Lair:5)
  2 yaks (Lair:4)
  A hog (Lair:4)
  An acid dragon (D:9)
  A water moccasin (Lair:3)
  A bullfrog (D:9)
  A wight (D:8)
  45 jellies
  A gnoll bouda (D:9)
  Natasha (D:2)
  2 orc wizards
  2 gnolls (D:9)
  A river rat (Sewer)
  6 adders
  5 orcs
  4 endoplasms
  4 goblins (D:9)
  A ball python (D:2)
  3 kobolds
  2 rats (Sewer)
  73 fungi
  82 plants
  3 withered plants (Gauntlet)
243 creatures vanquished.

Grand Total: 773 creatures vanquished

Notes
Turn   | Place    | Note
-------+----------+-------------------------------------------
     0 | D:1      | smilodon the Demonspawn Fighter began the quest for the
                  | Orb.
     0 | D:1      | Reached XP level 1. HP: 18/18 MP: 1/1
   130 | D:1      | Gained mutation: You have a pair of small horns on your
                  | head. [demonic ancestry]
   130 | D:1      | Reached XP level 2. HP: 22/24 MP: 2/2
   544 | D:1      | Found a faded altar of an unknown god.
   682 | D:1      | Gained mutation: Spells you cast may paralyse adjacent
                  | enemies. [demonic ancestry]
   682 | D:1      | Reached XP level 3. HP: 29/29 MP: 3/3
   808 | D:1      | Prayed at the altar of an unknown god.
   808 | D:1      | Became a worshipper of Jiyva Jeut the Shapeless
   808 | D:1      | Reached * piety under Jiyva
   940 | D:2      | Killed Natasha
  1227 | D:2      | Gained mutation: You have a pair of horns on your head.
                  | [potion of mutation]
  1227 | D:2      | Gained mutation: Your spells are a little easier to cast,
                  | but a little less powerful. [potion of mutation]
  1242 | D:3      | Reached ** piety under Jiyva
  1276 | D:3      | Reached skill level 1 in Stealth
  1651 | D:4      | Mutation became permanent: You have a pair of small horns
                  | on your head. [demonic ancestry]
  1651 | D:4      | Gained mutation: You have a pair of horns on your head.
                  | [demonic ancestry]
  1651 | D:4      | Reached XP level 4. HP: 35/35 MP: 4/4
  1665 | D:4      | Lost mutation: Your spells are a little easier to cast, but
                  | a little less powerful. [potion of mutation]
  1665 | D:4      | Gained mutation: Your magical capacity is low. (-10% MP)
                  | [potion of mutation]
  1666 | D:4      | Lost mutation: Your magical capacity is low. (-10% MP)
                  | [potion of mutation]
  1666 | D:4      | Gained mutation: Your magical capacity is low. (-10% MP)
                  | [potion of mutation]
  1666 | D:4      | Gained mutation: You do not regenerate when monsters are
                  | visible. [potion of mutation]
  1666 | D:4      | Gained mutation: You are robust. (+10% HP) [potion of
                  | mutation]
  1666 | D:4      | Gained mutation: Your spells are a little harder to cast,
                  | but a little more powerful. [potion of mutation]
  1747 | D:4      | Noticed Grinder
  1751 | D:4      | Paralysed by Grinder for 2 turns
  1755 | D:4      | Paralysed by Grinder for 3 turns
  1762 | D:4      | Killed Grinder
  1763 | D:4      | Gained mutation: You are partially covered in slimy green
                  | scales. (AC +2) [demonic ancestry]
  1763 | D:4      | Reached XP level 5. HP: 23/46 MP: 4/4
  1763 | D:4      | Gained mutation: You are mostly covered in slimy green
                  | scales. (AC +3) [demonic ancestry]
  1763 | D:4      | Reached XP level 6. HP: 26/52 MP: 5/5
  1864 | D:4      | Reached *** piety under Jiyva
  2049 | D:4      | Lost mutation: Your magical capacity is low. (-10% MP)
                  | [Jiyva's grace]
  2049 | D:4      | Lost mutation: You are robust. (+10% HP) [Jiyva's grace]
  2049 | D:4      | Gained mutation: Your flesh is cold resistant. (rC+)
                  | [Jiyva's grace]
  2049 | D:4      | Gained mutation: Your flesh is very cold resistant. (rC++)
                  | [Jiyva's grace]
  2049 | D:4      | Gained mutation: Your flesh is almost immune to the effects
                  | of cold. (rC+++) [Jiyva's grace]
  2049 | D:4      | Gained mutation: Your spells are harder to cast, but more
                  | powerful. [Jiyva's grace]
  2323 | D:4      | Reached skill level 1 in Polearms
  2565 | D:5      | Entered Level 5 of the Dungeon
  2624 | D:5      | Reached XP level 7. HP: 54/54 MP: 7/7
  2635 | D:5      | Found a glowing drain.
  2648 | Sewer    | Entered a sewer
  2755 | Sewer    | Reached skill level 2 in Polearms
  3145 | D:5      | Found an opulent altar of Gozag.
  3173 | D:5      | Reached skill level 3 in Polearms
  3258 | D:5      | Found a sacrificial altar of Ru.
  3421 | D:5      | Reached **** piety under Jiyva
  3728 | D:6      | Reached skill level 5 in Armour
  3728 | D:6      | Reached XP level 8. HP: 60/61 MP: 8/8
  3894 | D:6      | Reached skill level 4 in Polearms
  3902 | D:6      | Reached skill level 1 in Spellcasting
  4103 | D:6      | Reached skill level 5 in Polearms
  4167 | D:6      | Noticed a cyclops
  4229 | D:6      | Killed a cyclops
  4230 | D:6      | Reached skill level 5 in Fighting
  4230 | D:6      | Gained mutation: You are partially covered in sharp spines.
                  | [demonic ancestry]
  4230 | D:6      | Reached XP level 9. HP: 53/68 MP: 13/13
  4493 | D:7      | Lost mutation: You do not regenerate when monsters are
                  | visible. [Jiyva's grace]
  4493 | D:7      | Gained mutation: Your muscles are strong. (Str +4, Int/Dex
                  | -1) [Jiyva's grace]
  4493 | D:7      | Gained mutation: Your muscles are very strong. (Str +8,
                  | Int/Dex -2) [Jiyva's grace]
  4493 | D:7      | Gained mutation: You are agile. (Dex +4, Str/Int -1)
                  | [Jiyva's grace]
  4493 | D:7      | Gained mutation: You are very agile. (Dex +8, Str/Int -2)
                  | [Jiyva's grace]
  4530 | D:7      | Reached skill level 6 in Polearms
  4735 | D:7      | Found a staircase to the Ecumenical Temple.
  4814 | D:7      | Reached ***** piety under Jiyva
  5161 | D:8      | Noticed Grum
  5183 | D:8      | Killed Grum
  5184 | D:8      | Reached skill level 7 in Polearms
  5388 | D:8      | Noticed Joseph
  5405 | D:8      | Killed Joseph
  5431 | D:8      | Gained mutation: You are mostly covered in sharp spines.
                  | [demonic ancestry]
  5431 | D:8      | Reached XP level 10. HP: 64/74 MP: 15/15
  5462 | D:8      | Reached skill level 8 in Polearms
  5531 | D:8      | Found a shadowy altar of Dithmenos.
  5780 | D:9      | Lost mutation: Your spells are harder to cast, but more
                  | powerful. [Jiyva's grace]
  5780 | D:9      | Gained mutation: You have acidic saliva. [Jiyva's grace]
  5780 | D:9      | Gained mutation: Your mind is acute. (Int +4, Str/Dex -1)
                  | [Jiyva's grace]
  5780 | D:9      | Gained mutation: Your mind is very acute. (Int +8, Str/Dex
                  | -2) [Jiyva's grace]
  5780 | D:9      | Gained mutation: You have large cloven feet. [Jiyva's
                  | grace]
  5907 | D:9      | Found a transporter.
  5910 | D:9      | Noticed a two-headed ogre
  5917 | D:9      | Killed a two-headed ogre
  5918 | D:9      | Reached skill level 9 in Polearms
  5918 | D:9      | Reached skill level 1 in Throwing
  5942 | D:9      | Found a transporter.
  5957 | D:9      | Reached ****** piety under Jiyva
  6152 | D:9      | Found a flagged portal.
  6163 | Bailey   | Entered a bailey
  6214 | Bailey   | Reached skill level 5 in Shields
  6261 | Bailey   | Noticed a vault guard
  6274 | Bailey   | Killed a vault guard
  6275 | Bailey   | Reached skill level 5 in Spellcasting
  6275 | Bailey   | Gained mutation: You punish those that try to bend your
                  | will. (Will+) [demonic ancestry]
  6275 | Bailey   | Reached XP level 11. HP: 62/81 MP: 18/18
  6296 | Bailey   | Noticed Prince Ribbit
  6296 | Bailey   | Noticed a vault guard
  6300 | Bailey   | Slimified a vault guard
  6300 | Bailey   | a vault guard changed into a slime creature
  6301 | Bailey   | Killed Prince Ribbit
  7012 | D:10     | Entered Level 10 of the Dungeon
  7059 | D:10     | Lost mutation: You have large cloven feet. [Jiyva's grace]
  7059 | D:10     | Lost mutation: You are very agile. (Dex +8, Str/Int -2)
                  | [Jiyva's grace]
  7059 | D:10     | Lost mutation: Your mind is very acute. (Int +8, Str/Dex
                  | -2) [Jiyva's grace]
  7059 | D:10     | Lost mutation: You have acidic saliva. [Jiyva's grace]
  7059 | D:10     | Gained mutation: Your system is resistant to poisons.
                  | (rPois) [Jiyva's grace]
  7059 | D:10     | Gained mutation: Your body has grown eyes which may confuse
                  | attackers. (Acc +3) [Jiyva's grace]
  7059 | D:10     | Gained mutation: Your body has grown many eyes which may
                  | confuse attackers. (Acc +5) [Jiyva's grace]
  7059 | D:10     | Gained mutation: Your body is covered in eyes which may
                  | confuse attackers. (Acc +7, SInv) [Jiyva's grace]
  7249 | D:10     | Learned a level 1 spell: Sandblast
  7253 | D:10     | Learned a level 3 spell: Stone Arrow
  7254 | D:10     | Identified the +1 ring mail "Tida Onu" {+Inv Int+4}
  7271 | D:10     | Found a staircase to the Lair.
  7321 | D:10     | Noticed an oklob plant
  7342 | D:10     | Killed an oklob plant
  7343 | D:10     | Reached skill level 10 in Polearms
  7499 | D:10     | Noticed a two-headed ogre
  7521 | D:10     | Killed a two-headed ogre
  7522 | D:10     | Reached skill level 1 in Conjurations
  7522 | D:10     | Reached skill level 1 in Earth Magic
  7655 | D:11     | Noticed a two-headed ogre
  7663 | D:11     | Killed a two-headed ogre
  7697 | D:11     | Noticed a deep elf pyromancer
  7707 | D:11     | Killed a deep elf pyromancer
  7709 | D:11     | Noticed a deep elf pyromancer
  7721 | D:11     | Noticed a deep elf zephyrmancer
  7727 | D:11     | Killed a deep elf zephyrmancer
  7731 | D:11     | Got Ts'ui Pên's Parchment of Forking Paths
  7749 | D:11     | Noticed a deep elf pyromancer
  7836 | D:11     | Noticed a red ugly thing
  7855 | D:11     | Killed a red ugly thing
  7866 | D:11     | Noticed a boulder beetle
  7904 | D:11     | Killed a boulder beetle
  7905 | D:11     | Reached skill level 11 in Polearms
  7931 | D:11     | Killed a deep elf pyromancer
  7963 | D:11     | Noticed a boulder beetle
  7973 | D:11     | Killed a boulder beetle
  8006 | D:11     | Reached skill level 5 in Dodging
  8006 | D:11     | Gained mutation: Spells you cast may paralyse nearby
                  | enemies. [demonic ancestry]
  8006 | D:11     | Reached XP level 12. HP: 91/91 MP: 20/20
  8069 | D:11     | Got the Almanac of Sand
  8081 | D:11     | Got the Atlas of Axaxaxas mlö
  8305 | D:11     | Identified a scroll of acquirement
  8307 | D:11     | Acquired a +0 pair of gloves of hurling
  8367 | Lair:1   | Entered Level 1 of the Lair of Beasts
  8413 | Lair:1   | Noticed Fannar
  8418 | Lair:1   | Slimified Fannar
  8418 | Lair:1   | Noticed Fannar
  8418 | Lair:1   | Fannar changed into Fannar the slime creature
  8571 | Lair:1   | Lost mutation: You are agile. (Dex +4, Str/Int -1) [Jiyva's
                  | grace]
  8571 | Lair:1   | Lost mutation: Your mind is acute. (Int +4, Str/Dex -1)
                  | [Jiyva's grace]
  8571 | Lair:1   | Lost mutation: Your body is covered in eyes which may
                  | confuse attackers. (Acc +7, SInv) [Jiyva's grace]
  8571 | Lair:1   | Gained mutation: Your translucent skin slightly reduces
                  | your foes' accuracy. (Stealth+) [Jiyva's grace]
  8571 | Lair:1   | Gained mutation: Your translucent skin reduces your foes'
                  | accuracy. (Stealth+) [Jiyva's grace]
  8571 | Lair:1   | Gained mutation: Your transparent skin significantly
                  | reduces your foes' accuracy. (Stealth+) [Jiyva's grace]
  8571 | Lair:1   | Gained mutation: You possess an exceptional clarity of
                  | mind. [Jiyva's grace]
  8884 | Lair:1   | Noticed Nergalle
  8889 | Lair:1   | Slimified Nergalle
  8889 | Lair:1   | Noticed Nergalle
  8889 | Lair:1   | Nergalle changed into Nergalle the slime creature
  9361 | Lair:2   | Found a hole to the Spider Nest.
 10221 | Lair:3   | Reached skill level 5 in Conjurations
 10224 | Lair:3   | Reached XP level 13. HP: 98/98 MP: 23/23
 10493 | Lair:3   | Reached skill level 5 in Earth Magic
 11175 | Lair:3   | Found a staircase to the Swamp.
 11343 | Lair:3   | Learned a level 3 spell: Swiftness
 11375 | Lair:4   | Lost mutation: Your system is resistant to poisons. (rPois)
                  | [Jiyva's grace]
 11375 | Lair:4   | Lost mutation: Your transparent skin significantly reduces
                  | your foes' accuracy. (Stealth+) [Jiyva's grace]
 11375 | Lair:4   | Gained mutation: You are strong-willed. (Will+) [Jiyva's
                  | grace]
 11375 | Lair:4   | Gained mutation: You are highly strong-willed. (Will++)
                  | [Jiyva's grace]
 11375 | Lair:4   | Gained mutation: You are extremely strong-willed. (Will+++)
                  | [Jiyva's grace]
 11375 | Lair:4   | Gained mutation: You have an increased reservoir of magic.
                  | (+10% MP) [Jiyva's grace]
 11531 | Lair:4   | Found a staircase to the Slime Pits.
 11691 | Lair:4   | Noticed Kirke
 11701 | Lair:4   | Slimified Kirke
 11701 | Lair:4   | Noticed Kirke
 11701 | Lair:4   | Kirke changed into Kirke the acid blob
 11890 | Lair:4   | Got Quafoxt's Teachings on Amorphous Darkness
 12432 | Lair:4   | Reached XP level 14. HP: 105/105 MP: 28/28
 12571 | Lair:5   | Entered Level 5 of the Lair of Beasts
 12605 | Lair:5   | HP: 2/105 [snapping turtle (14)]
 12913 | Lair:5   | Found a gate leading to a gauntlet.
 12932 | Gauntlet | Entered a Gauntlet
 12932 | Gauntlet | Found a transporter.
 12932 | Gauntlet | Found a transporter.
 12938 | Gauntlet | Found a transporter.
 12952 | Gauntlet | Found a transporter.
 12969 | Gauntlet | Found a transporter.
 12969 | Gauntlet | Found a transporter.
 12972 | Gauntlet | Found a transporter.
 12972 | Gauntlet | Found a transporter.
 12984 | Gauntlet | Found a transporter.
 13002 | Gauntlet | Found a transporter.
 13012 | Gauntlet | Found a transporter.
 13027 | Gauntlet | Found a transporter.
 13048 | Gauntlet | Found a transporter.
 13048 | Gauntlet | Found a transporter.
 13152 | Gauntlet | Identified the +5 glaive of the Gazing Saviour {pain, rN+
                  | Str+4}
 13312 | Gauntlet | Identified the +8 arbalest "Biquch" {flame, rElec Str+5}
 13369 | Gauntlet | Got Pioruucw's Precepts of Curses
 13486 | Lair:5   | Reached skill level 1 in Evocations
 13876 | Lair:5   | Lost mutation: You have an increased reservoir of magic.
                  | (+10% MP) [Jiyva's grace]
 13876 | Lair:5   | Lost mutation: Your muscles are very strong. (Str +8,
                  | Int/Dex -2) [Jiyva's grace]
 13876 | Lair:5   | Lost mutation: Your body has grown many eyes which may
                  | confuse attackers. (Acc +5) [Jiyva's grace]
 13876 | Lair:5   | Lost mutation: Your translucent skin reduces your foes'
                  | accuracy. (Stealth+) [Jiyva's grace]
 13876 | Lair:5   | Gained mutation: Your flesh is heat resistant. (rF+)
                  | [Jiyva's grace]
 13876 | Lair:5   | Gained mutation: Your flesh is very heat resistant. (rF++)
                  | [Jiyva's grace]
 13876 | Lair:5   | Gained mutation: Your flesh is almost immune to the effects
                  | of heat. (rF+++) [Jiyva's grace]
 13876 | Lair:5   | Gained mutation: You have acidic saliva. [Jiyva's grace]
 14086 | Lair:5   | Learned a level 1 spell: Necrotise
 14567 | D:12     | Found a staircase to the Orcish Mines.
 14895 | D:12     | Learned a level 2 spell: Static Discharge
 15317 | D:13     | Reached skill level 1 in Necromancy
 15551 | D:13     | Reached skill level 1 in Air Magic
 15896 | D:14     | Found a gate to the Vaults.
 15908 | D:14     | Slain by a +5 long sword

Illustrated notes

Levels and vault maps discovered:
D:1:      lightli_arrival_chessboard, layout_loops_ring, serial_glass,
          glass_columns_a, glass_columns_a, item_on_display_a,
          item_on_display_a, shapermc_ecumenical_altar_flowoftime
D:2:      layout_rooms, minmay_split_cup_large, uniq_natasha
D:3:      layout_rooms
D:4:      layout_gridville, dreamdust_mushroom_princess, uniq_grinder
D:5:      layout_loops_ring, mainiacjoe_overflow_small_starburst,
          grunt_gozag_statues, cheibrodos_sewer_entry_sluice
D:6:      minmay_clustersquares, layout_loops_ring
D:7:      layout_basic, minmay_temple_entry_slanted
D:8:      layout_gridville, mainiacjoe_overflow_tiny_flanked,
          mainiacjoe_overflow_six_doors_small, uniq_joseph, uniq_grum
D:9:      gammafunk_cloud_chamber, layout_grid_maze, enter_bailey_5,
          nicolae_figureground_pulse
D:10:     layout_rooms, dpeg_oklobed_lair, minmay_fractal_squares_gapless_5
D:11:     layout_rooms, bh_hangedman_babel_library
D:12:     layout_irregular_city, minmay_orc_entry_guard_dogs,
          serial_column_ruins, column_ruins_corridor_straight,
          column_ruins_grid_1, column_ruins_corridor_straight,
          column_ruins_columns_water, column_ruins_grid_1
D:13:     layout_loops_ring
D:14:     layout_long_grid, erik_vaults_1, portal_ice_cave_entry_ice_simulacra,
          uniq_rupert, uniq_lodul
Lair:1:   layout_gridlike, chequers_serial_rivers_micro_d, roderic_batcave,
          grunt_megastairs_5, infiniplex_staircase_pool_2, serial_bayou_shore_a,
          uniq_nergalle, uniq_fannar, uniq_prince_ribbit2
Lair:2:   lemuel_reptile_caves, layout_loops_ring,
          hellmonk_spider_entry_life_and_decay, serial_rivers,
          chequers_serial_rivers_micro_b, chequers_serial_rivers_room_a,
          chequers_serial_rivers_marsh, chequers_serial_rivers_micro_d,
          chequers_serial_rivers_marsh
Lair:3:   layout_gridlike, nicolae_swamp_entry_splash_gauntlet,
          minmay_lair_oklob_items
Lair:4:   nzn_winding_woodlands_three_and_one
          [nzn_winding_woodlands_5x15_garden,
          nzn_winding_woodlands_5x15_crooked, nzn_winding_woodlands_5x15_pool,
          nzn_winding_woodlands_center_lodge], layout_gridlike,
          minmay_slime_entry_oklob_open, uniq_kirke
Lair:5:   gammafunk_lair_ancient_temple, layout_long_grid,
          gauntlet_entry_generic

Skill      XL: |  1  2  3  4  5  6  7  8  9 10 11 12 13 14 |
---------------+-------------------------------------------+-----
Axes           | 2 3 |  3.7
Armour         | 3 4 5 6 7 8 9 |  9.7
Shields        | 3 4 5 6 7 8 |  8.0
Stealth        | 1 |  1.0
Dodging        | 2 3 4 5 7 8 |  8.8
Fighting       | 4 5 6 7 8 |  8.1
Polearms       | 1 3 5 7 9 11 | 11.7
Spellcasting   | 3 5 7 8 9 |  9.5
Throwing       | 1 2 |  2.9
Conjurations   | 2 5 6 8 |  8.0
Earth Magic    | 2 4 6 7 |  7.2
Evocations     | 1 |  1.4
Necromancy     | 1 |  1.9
Air Magic      | 1 |  1.3

Action                   |  1- 3 |  4- 6 |  7- 9 | 10-12 | 13-15 || total
-------------------------+-------+-------+-------+-------+-------++-------
Melee: War axe           |    93 |    34 |       |       |       ||   127
       Headbutt          |     9 |     9 |    46 |   174 |   254 ||   492
       Spear             |       |    23 |   329 |   720 |   913 ||  1985
       Kick              |       |       |       |    42 |       ||    42
       Bite              |       |       |       |    16 |    28 ||    44
Throw: Dart              |       |       |     4 |    10 |       ||    14
       Boomerang         |       |       |       |       |    35 ||    35
 Cast: Sandblast         |       |       |       |     5 |     9 ||    14
       Necrotise         |       |       |       |       |     7 ||     7
       Stone Arrow       |       |       |       |       |     4 ||     4
       Swiftness         |       |       |       |       |     2 ||     2
Invok: Oozemancy         |       |     1 |     2 |       |    12 ||    15
       Slimify           |       |       |       |     3 |     5 ||     8
Evoke: Wand              |       |       |     1 |       |     8 ||     9
       Piece from Xom's  |       |       |       |       |     1 ||     1
  Use: Potion            |     5 |     7 |     2 |     1 |     9 ||    24
       Scroll            |     3 |     4 |     6 |     6 |    10 ||    29
 Stab: Sleeping          |       |       |       |     3 |     5 ||     8
       Confused          |       |       |       |     8 |    21 ||    29
       Distracted        |       |       |       |     1 |     1 ||     2
       Paralysed         |       |       |       |    10 |     4 ||    14
Armor: Scale mail        |    46 |    40 |   108 |    18 |       ||   212
       Acid dragon scale |       |       |       |    15 |       ||    15
       Ring mail         |       |       |       |    73 |   177 ||   250
Dodge: Dodged            |    34 |    37 |   121 |   170 |   279 ||   641
Block: Buckler           |    27 |    24 |    53 |   109 |   120 ||   333
